Map: Backwater LE

Players

lIlIlIlIlIlI - Winner!

  • Race: Terran Terran
  • League: Master
  • Spawn Location: 5:00

KøtarO

  • Race: Zerg Zerg
  • League: Master
  • Spawn Location: 11:00

VOD

Have the link to the VOD?

Description

Time

  • Played on: Jan. 31, 2018, 10:33 a.m.
  • Length: 12:53
Show
View Real Time Build Order
Export as new Build Order

lIlIlIlIlIlI Terran - Winner!

Build Orders: Reaper Expand, Hellion Banshee, Mech 

Get SALT Encoding   

  12  0:01  SCV  
  13  0:13  SCV  
  14  0:17  Supply Depot  
  14  0:25  SCV  
  15  0:38  SCV  
  15  0:40  Barracks  
  16  0:43  Refinery  
  16  0:50  SCV  
  17  1:03  SCV  
  18  1:15  SCV  
  19  1:27  Orbital Command, Reaper  
  20  1:40  Command Center  
  20  1:52  SCV, Supply Depot  
  21  1:58  Marine  
  22  2:04  Factory  
  23  2:08  SCV  
  23  2:12  Refinery  
  23  2:20  SCV  
  23  2:21  Barracks Reactor  
  24  2:32  SCV  
  25  2:44  SCV  
  25  2:49  Starport  
  26  2:55  Orbital Command  
  26  2:56  SCV  
  27  3:01  Hellion x2  
  27  3:05  Barracks Tech Lab  
  31  3:09  SCV  
  32  3:21  SCV  
  32  3:22  Hellion, SCV  
  32  3:23  Hellion  
  38  3:28  Supply Depot  
  38  3:33  Viking  
  40  3:34  SCV x2  
  42  3:44  Hellion x2  
  46  3:50  SCV x2  
  46  3:52  Supply Depot  
  48  4:02  SCV x2  
  50  4:03  Medivac  
  50  4:05  Hellion  
  54  4:13  Hellion  
  54  4:14  Armory, Supply Depot  
  54  4:15  SCV  
  57  4:23  SCV  
  58  4:25  Cloaking Field  
  58  4:27  SCV  
  59  4:32  Hellion  
  59  4:36  Banshee  
  64  4:39  SCV x2  
  66  4:49  Supply Depot  
  66  4:51  Hellion  
  68  4:54  Hellion  
  70  5:00  Command Center  
  70  5:10  SCV x2  
  70  5:14  Hellion  
  70  5:15  Hellion  
  70  5:18  Refinery, Banshee  
  70  5:19  Refinery  
  70  5:21  Barracks Reactor  
  73  5:22  SCV x2  
  58  5:36  Hellion x2  
  58  5:37  SCV x2  
  62  5:49  SCV x2  
  62  5:51  Factory x2  
  62  5:57  Hellion, Supply Depot  
  62  5:58  Hellion  
  62  6:01  Terran Vehicle Weapons Level 1, SCV x2  
  62  6:02  Refinery  
  68  6:05  Refinery  
  68  6:10  Barracks Tech Lab  
  68  6:13  SCV x2  
  68  6:16  Medivac x2  
  74  6:19  Hellion x2  
  74  6:21  Orbital Command  
  78  6:27  SCV x2  
  80  6:41  SCV x2  
  80  6:45  Command Center, Thor  
  88  6:48  Thor  
  88  6:50  SCV  
  88  6:53  SCV  
  96  6:59  SCV  
  97  7:02  SCV  
  97  7:03  Supply Depot x2  
  97  7:05  Infernal Pre-Igniter  
  97  7:06  Hellion, SCV  
  101  7:10  Barracks Reactor  
  101  7:11  Liberator x2  
  101  7:12  Factory  
  101  7:16  Factory  
  101  7:24  Hellion, SCV x2  
  105  7:41  Siege Tank  
  105  7:44  Hellion x2  
  112  7:47  SCV x2  
  112  7:48  SCV  
  112  7:50  Supply Depot  
  115  7:52  Armory, Supply Depot  
  115  7:56  Terran Vehicle Weapons Level 2  
  115  8:11  Viking x2  
  117  8:17  Factory Tech Lab  
  117  8:18  Siege Tank x2  
  117  8:19  Hellion x2  
  127  8:22  Hellion x5  
  121  8:40  Hellion x2, Siege Tank  
  121  8:41  Viking x2, SCV x2  
  128  8:45  SCV  
  121  8:53  Siege Tank  
  121  8:54  Siege Tank  
  127  8:59  SCV x3  
  127  9:01  Hellion x2  
  127  9:02  Hellion x2  
  138  9:04  Supply Depot  
  138  9:05  Terran Vehicle And Ship Armor Level 1, Supply Depot  
  138  9:09  Refinery  
  138  9:11  Viking  
  138  9:13  Refinery  
  140  9:20  Siege Tank  
  140  9:22  Hellion x2  
  147  9:27  SCV x3  
  150  9:32  Viking  
  150  9:37  Engineering Bay  
  152  9:41  Viking  
  133  9:48  Siege Tank x2  
  133  9:49  Hellion  
  133  9:50  Hellion  
  133  9:52  Siege Tank  
  123  9:54  Hellion  
  123  9:55  Hellion  
  106  10:10  Hellion  
  106  10:11  Hellion  
  107  10:16  Hellion x2  
  107  10:20  Siege Tank x2  
  114  10:24  Siege Tank  
  108  10:28  SCV x2  
  108  10:29  SCV  
  108  10:31  Hellion  
  108  10:33  Hellion  
  105  10:35  SCV  
  105  10:37  Hellion x2  
  105  10:40  Viking x2, SCV  
  105  10:41  SCV  
  105  10:43  Orbital Command  
  87  10:52  Siege Tank  
  87  10:53  Hellion x2  
  87  10:54  Hellion  
  87  10:56  Siege Tank  
  84  10:57  SCV x3  
  84  10:59  Hellion x2  
  84  11:00  Refinery  
  85  11:09  SCV x3  
  87  11:15  Liberator x2  
  87  11:17  Hellion, Factory Tech Lab  
  89  11:19  SCV  
  89  11:21  SCV x3  
  89  11:25  Siege Tank  
  96  11:28  Siege Tank, Sensor Tower  
  96  11:31  SCV  
  106  11:33  SCV x3  
  109  11:43  SCV  
  109  11:45  SCV  
  109  11:46  SCV  
  109  11:47  SCV  
  113  11:48  Missile Turret  
  110  11:57  Siege Tank  
  110  12:18  Siege Tank x2  
  108  12:24  Sensor Tower  
  108  12:27  SCV x4  
  119  12:39  SCV  
Show
View Real Time Build Order
Export as new Build Order

KøtarO Zerg 

Build Orders: Hatch First 

Get SALT Encoding   

  12  0:01  Drone  
  13  0:08  Drone  
  14  0:16  Overlord  
  14  0:25  Drone, Extractor  
  15  0:34  Drone x2  
  17  0:55  Hatchery  
  16  0:57  Drone  
  16  0:58  Extractor  
  16  1:06  Drone x2  
  18  1:19  Spawning Pool  
  18  1:23  Drone  
  18  1:29  Drone  
  19  1:39  Overlord  
  19  2:06  Queen, Zergling x4  
  19  2:08  Drone, Queen  
  24  2:10  Drone  
  27  2:19  Drone  
  28  2:34  Spore Crawler  
  27  2:41  Hatchery  
  27  2:46  Pneumatized Carapace  
  27  2:47  Metabolic Boost  
  27  2:55  Drone  
  27  2:57  Drone  
  27  2:58  Drone x2  
  30  3:09  Drone x3  
  30  3:10  Drone  
  34  3:16  Overlord  
  34  3:18  Overlord  
  34  3:21  Drone  
  34  3:23  Drone  
  36  3:30  Overlord  
  36  3:36  Queen  
  36  3:40  Queen  
  40  3:53  Queen  
  42  3:57  Drone x6  
  48  4:03  Zergling x6  
  48  4:08  Zergling x2  
  48  4:09  Zergling x2  
  53  4:11  Drone  
  53  4:15  Drone x2  
  56  4:21  Drone  
  57  4:28  Overlord  
  57  4:29  Overlord  
  57  4:38  Overlord x2  
  57  4:40  Drone  
  57  4:44  Baneling Nest  
  57  4:50  Spore Crawler  
  57  4:51  Spore Crawler  
  57  4:52  Drone  
  56  4:53  Spore Crawler  
  56  4:54  Drone x2  
  57  5:02  Zergling x2  
  57  5:09  Drone  
  57  5:10  Drone x9  
  62  5:19  Zergling x4  
  59  5:26  Zergling x2  
  59  5:28  Zergling x4  
  54  5:34  Drone x2  
  54  5:35  Drone x3, Queen  
  53  5:36  Drone  
  56  5:44  Drone x2  
  56  5:46  Drone  
  56  5:49  Drone  
  59  5:50  Drone  
  60  5:59  Lair  
  60  6:01  Drone x3  
  63  6:06  Extractor  
  63  6:07  Extractor  
  63  6:10  Evolution Chamber  
  60  6:11  Roach Warren  
  60  6:12  Lair  
  59  6:22  Drone x4  
  59  6:23  Drone x4, Spore Crawler  
  64  6:28  Drone x2  
  67  6:32  Drone  
  67  6:33  Drone x3  
  67  6:39  Zerg Missile Weapons Level 1  
  66  6:50  Drone x2  
  66  6:51  Drone x7  
  66  6:52  Drone  
  75  6:55  Extractor x2  
  71  7:09  Hydralisk Den  
  71  7:11  Glial Reconstitution  
  70  7:28  Roach  
  70  7:29  Roach x11  
  88  7:41  Overlord x2  
  88  7:46  Overseer  
  88  7:53  Overlord x4  
  88  7:57  Hatchery  
  87  8:00  Roach x3  
  87  8:01  Roach x4  
  100  8:06  Roach  
  100  8:07  Roach  
  101  8:13  Roach x5  
  101  8:14  Roach x2  
  104  8:22  Roach x2  
  104  8:23  Roach  
  106  8:31  Roach x3  
  108  8:47  Hatchery  
  108  8:51  Roach x7  
  122  8:57  Roach x2  
  122  8:58  Overlord  
  126  9:07  Roach x3  
  132  9:10  Overlord  
  132  9:13  Ravager  
  132  9:14  Ravager x4  
  132  9:16  Ravager  
  139  9:17  Ravager  
  139  9:18  Ravager x2  
  139  9:19  Ravager  
  142  9:24  Overlord  
  142  9:30  Ravager x2, Roach  
  142  9:42  Roach x2  
  142  9:43  Roach  
  126  9:45  Roach x2  
  126  9:46  Roach  
  126  9:47  Roach  
  126  9:49  Roach  
  103  9:54  Roach  
  103  9:56  Roach  
  103  9:58  Roach  
  103  10:03  Roach  
  103  10:05  Ravager  
  102  10:16  Ravager  
  92  10:31  Roach x2  
  92  10:32  Roach x3  
  91  10:42  Roach x2  
  85  10:44  Ravager  
  78  10:52  Roach  
  78  10:53  Roach  
  72  11:03  Roach x2  
  61  11:22  Roach x3  
  63  11:37  Ravager x4  
  63  11:38  Ravager  
  63  11:39  Ravager, Zergling x4  
  69  11:51  Ravager  
  69  11:52  Zergling x6  
  74  11:54  Ravager  
  74  12:00  Zergling x2  
  74  12:01  Zergling x2  
  76  12:04  Zergling x2  
  77  12:10  Zergling x2  
  70  12:20  Zergling x6  
  70  12:22  Ravager  
  67  12:23  Ravager  
  67  12:25  Ravager  
  67  12:29  Zergling x2  
  69  12:31  Ravager  
  69  12:33  Zergling x2  
Tags
 
Add a new tag
Caveats
  • Supply blocks, unpowered buildings, or Contaminate may cause inaccurate times.
  • Supply counts are checked every 10 seconds.